AoeStats
← JfuRy

Arena

510619026Analyzed
2v2 RM · 1d ago on Oct 1, 2026· 36m 34s· 4 players
Game mode
Random Map
Map size
Medium (4 player)
Population
200
Speed
Normal
Resources
Standard
Victory
Conquest
Starting age
Dark Age
Ending age
Imperial Age
RankedLock teamsTeams togetherTeam positionsShared explorationLock speedFull tech treeHidden civsTurbo modeCheats
Victory
Defeat
🇦🇷 Khmer · Argentina
966
+12
🇦🇷 Teutons · Argentina
841
+17
🇦🇿 Persians · Azerbaijan
881
-15
🇺🇸 Romans · United States
857
-14
Encore
11:02 Feudal Age
11:44 Double-Bit Axe
13:12 Loom
14:17 Horse Collar
17:58 Castle Age
16:40 Man-at-Arms
17:54 Scale Mail Armor
18:49 Bow Saw
19:56 Wheelbarrow
21:54 Squires
21:15 Long Swordsman
23:12 Heavy Plow
26:14 Forging
27:03 Fletching
27:31 Chain Mail Armor
27:09 Stone Mining
27:14 Gold Mining
28:33 Hand Cart
28:06 Town Watch
31:15 Fletching
32:01 Iron Casting
31:24 Murder Holes
31:50 Ballistics
32:53 Bodkin Arrow
35:40 Masonry
35:55 Fortified Wall
trn25
10:35 Feudal Age
10:58 Double-Bit Axe
13:04 Wheelbarrow
12:45 Horse Collar
13:00 Gold Mining
18:55 Castle Age
17:23 Stone Mining
18:09 Scale Barding Armor
20:14 Bow Saw
20:31 Heavy Plow
27:26 Imperial Age
25:34 Forging
27:08 Gold Shaft Mining
27:48 Chain Barding Armor
JfuRy
3:39 Loom
9:56 Feudal Age
16:11 Castle Age
14:40 Double-Bit Axe
14:37 Horse Collar
19:50 Bow Saw
25:19 Gold Mining
25:30 Heavy Plow
31:40 Husbandry
32:07 Forging
32:05 Scale Barding Armor
35:12 Bloodlines
35:39 Iron Casting
TermodeMiller
11:33 Feudal Age
10:17 Loom
12:37 Double-Bit Axe
13:53 Horse Collar
15:34 Gold Mining
20:29 Castle Age
18:37 Stone Mining
19:08 Fletching
20:17 Padded Archer Armor
20:49 Scale Mail Armor
21:57 Leather Archer Armor
23:14 Wheelbarrow
23:05 Bodkin Arrow
24:13 Bow Saw
24:19 Heavy Plow
25:06 Crossbowman
29:15 Hand Cart
32:28 Ballistics
32:18 Fortified Wall
35:07 Town Watch
Connection lost

Rejoining the realm…

Still unreachable

The connection could not be restored.

Session expired

The server has moved on; the page needs a fresh start.